 Dungeon Crawl Stone Soup version 0.29-a0-998-g1987434951 (webtiles) character file.

Game seed: 2615301378486437520

79 vurker the Sneak (level 4, 0/23 HPs)
             Began as a Vine Stalker Enchanter on Aug 5, 2022.
             Slain by an iguana (8 damage)
             ... on level 3 of the Dungeon.
             The game lasted 00:02:50 (2634 turns).

vurker the Sneak (Vine Stalker Enchanter)           Turns: 2634, Time: 00:02:51

Health: 0/23       AC:  4    Str: 12    XL:     4   Next: 37%
Magic:  0/8        EV: 12    Int: 15    God:
Gold:   174        SH:  0    Dex: 15    Spells: 7/7 levels left

rFire   . . .      SeeInvis .   a - +2 dagger
rCold   . . .      Faith    .   (no shield)
rNeg    . . .      Spirit   +   b - +0 robe
rPois   .          Reflect  .   n - +1 helmet
rElec   .          Harm     .   (no cloak)
rCorr   .          Rampage  .   (no gloves)
Will    .....                   (no boots)
Stlth   ++........              (no amulet)
HPRegen 0.87/turn               (no ring)
MPRegen 0.11/turn               (no ring)

@: no status effects
A: fangs 2, regeneration 1, magic shield, antimagic bite, no potion heal 2
a: no special abilities


You were on level 3 of the Dungeon.
You visited 1 branch of the dungeon, and saw 3 of its levels.

You collected 174 gold pieces.

Inventory:

Hand Weapons
 a - a +2 dagger (weapon)
Armour
 b - a +0 robe (worn)
 n - a +1 helmet (worn)
   (You found it on level 2 of the Dungeon)
Scrolls
 d - 3 scrolls of magic mapping
 h - a scroll of enchant armour
 i - 2 scrolls of enchant weapon
 k - a scroll of noise {unknown}
 m - a scroll of identify
Potions
 c - 2 potions of invisibility
 e - a potion of flight {unknown}
 f - a potion of curing {unknown}
 g - a potion of haste {unknown}
 j - a potion of magic {unknown}
 l - a potion of mutation
 q - a potion of might {unknown}


   Skills:
 + Level 1.7 Fighting
 - Level 0.8 Short Blades
 - Level 1.5 Dodging
 - Level 3.6 Stealth
 * Level 3.1 Unarmed Combat
 - Level 2.1 Spellcasting
 - Level 3.0 Hexes


You had 7 spell levels left.
You didn't know any spells.
Your spell library contained the following spells:

 Spells                   Type           Power      Damage    Failure   Level
 Ensorcelled Hibernation  Hex/Ice        12%        N/A       19%         2
 Confusing Touch          Hex            10%        N/A       19%         3
 Tukima's Dance           Hex            10%        N/A       19%         3
 Dazzling Flash           Conj/Hex       12%        N/A       34%         3


Dungeon Overview and Level Annotations

Branches:
Dungeon (3/15)

Altars:
Zin

Shops:
D:3 :


Innate Abilities, Weirdness & Mutations

You have extremely sharp teeth.
Your natural rate of healing is unusually fast.
When hurt, damage is shared between your health and your magic reserves.
Your bite disrupts and absorbs the magic of your enemies.
Potions cannot restore your health.


Message History

You miss the adder. Your bite misses the adder.
You feel sick.
You are no longer poisoned.
The adder misses you. x2
You barely miss the adder. Your bite misses the adder.
The adder closely misses you.
You miss the adder. You bite the adder. You drain its power.
The adder bites you but does no damage.
You hit the adder but do no damage. Your bite misses the adder.
The adder barely misses you.
You hit the adder. Your bite misses the adder.
The adder bites you but does no damage. The adder barely misses you.
You hit the adder.
You kill the adder!
No target in view!
No target in view!
No target in view!
i - 2 scrolls of enchant weapon (gained 1)
You see here an adder corpse.
You open the door.
There is an open door here.
You open the door.
There is an open door here.
There is a stone staircase leading down here.
You open the door.
There is an open door here.
There is an open door here.
Found 6 boomerangs.
You see here 6 boomerangs.
Found a scroll of identify.
m - a scroll of identify You see here a +0 robe.
There is an open door here.
There is an open door here.
A dart slug and an iguana come into view.
There are monsters nearby!
There are monsters nearby!
The iguana hisses angrily.
You hit the iguana. The iguana misses you.
You hit the iguana. Your bite misses the iguana. The iguana bites you!
You hit the iguana. Your bite misses the iguana. The iguana bites you!
* * * LOW HITPOINT WARNING * * *
You aren't carrying any items that you can evoke.
You closely miss the iguana. The iguana barely misses you.
You hit the iguana but do no damage. You bite the iguana, but do no damage.
The iguana bites you!
* * * LOW HITPOINT WARNING * * *
You hit the iguana but do no damage. You bite the iguana, but do no damage.
The iguana closely misses you.
You hit the iguana but do no damage. The iguana bites you!
You die...

*,*#.#.# #.############
*,*#.#.# #.#....#....^.
*,*#.#.# #.#.##.#.#####
*,*#.#.# #......#.#....
*,*#.#.######.##.#.#.###
*,*#.#........####.#.###
*,*#...............#....
*,*######.....##########
*,*#.wl@'...............
*,*#.####.....##########
*,*#.#**#.....#####.....
*,,.l.,*#.....#......###
**##...*#######......# #
*#.w.#* #......###
*.....* #.........
*.....# #####'#.#.
*.....# #.#.#.


You could see an iguana and a dart slug.

Vanquished Creatures
  3 adders
  2 dart slugs (D:2)
  3 bats
  8 endoplasms
  A giant cockroach (D:1)
  5 goblins
  5 hobgoblins
  3 quokkas
  5 ball pythons
  A frilled lizard (D:1)
  5 kobolds
  2 rats
43 creatures vanquished.

Notes
Turn   | Place    | Note
-------+----------+-------------------------------------------
     0 | D:1      | vurker the Vine Stalker Enchanter began the quest for the
                  | Orb.
     0 | D:1      | Reached XP level 1. HP: 9/9 MP: 4/4
   180 | D:1      | Reached skill level 1 in Unarmed Combat
   232 | D:1      | Reached XP level 2. HP: 10/14 MP: 1/6
   831 | D:1      | Reached skill level 1 in Fighting
  1060 | D:2      | Reached XP level 3. HP: 18/18 MP: 7/7
  1803 | D:2      | Gained mutation: Your natural rate of healing is unusually
                  | fast. [Vine Stalker growth]
  1803 | D:2      | Reached XP level 4. HP: 22/22 MP: 8/8
  2282 | D:3      | Found Oruer's Book Boutique.
  2434 | D:3      | Found a glowing silver altar of Zin.
  2634 | D:3      | Slain by an iguana

Illustrated notes

Levels and vault maps discovered:
D:1:      dpeg_arrival_radiant, layout_rooms, minivault_24
D:2:      layout_basic, kennysheep_donut
D:3:      cheibrodos_old_hovel, layout_basic, mainiacjoe_overflow_brackets,
          serial_shops, shop

Skill      XL: |  1  2  3  4 |
---------------+-------------+-----
Unarmed Combat | 1 2 3 |  3.1
Fighting       | 1 |  1.7
Short Blades   | |  0.8
Dodging        | |  1.5
Stealth        | |  3.6
Spellcasting   | |  2.1
Hexes          | |  3.0

Action                   |  1- 3 |  4- 6 || total
-------------------------+-------+-------++-------
Melee: Dagger            |    86 |    39 ||   125
       Bite              |    22 |     8 ||    30
       Punch             |     1 |       ||     1
  Use: Scroll            |       |     9 ||     9
 Stab: Sleeping          |     9 |     4 ||    13
Armor: Robe              |     9 |     4 ||    13
Dodge: Dodged            |    47 |    24 ||    71

Table legend: (Time is in decaauts)
 A = Elapsed time spent in this place.
 B = Non-inter-level travel time spent in this place.
 C = Inter-level travel time spent in this place.
 D = Time resting spent in this place.
 E = Time spent auto-exploring this place.
 F = Levels seen in this place.
 G = Mean time per level.
                   A        B        C        D        E       F      G
               +--------+--------+--------+--------+--------+-----+--------+
         Total |   2631 |   2603 |     28 |     66 |   2122 |   3 |  877.0 |
       Dungeon |   2631 |   2603 |     28 |     66 |   2122 |   3 |  877.0 |
               +--------+--------+--------+--------+--------+-----+--------+

Top non-repeatable levels by time:
     D:2: 998 daAuts
     D:1: 933 daAuts
     D:3: 699 daAuts
